 Dungeon Crawl Stone Soup version 0.21-a0-78-g82a99e0 (webtiles) character file.

172 KristoblXynda the Charlatan (level 5, -2/29 HPs)
             Began as a Tengu Artificer on June 21, 2017.
             Killed by nerve-wracking pain
             ... invoked by an orc priest
              (10 damage)
             ... on level 4 of the Dungeon.
             The game lasted 00:07:02 (3426 turns).

KristoblXynda the Charlatan (Tengu Artificer)       Turns: 3426, Time: 00:07:05

Health: -2/29      AC:  4    Str: 12    XL:     5   Next: 53%
Magic:  9/9        EV: 12    Int: 12    God:
Gold:   149        SH:  0    Dex: 15    Spells: 4/4 levels left

rFire    . . .     SeeInvis .   m - +2 dagger (drain)
rCold    . . .     Gourm    .   (no shield)
rNeg     . . .     Faith    .   b - +0 leather armour
rPois    .         Spirit   .   (helmet restricted)
rElec    .         Reflect  .   (no cloak)
rCorr    .         Harm     .   p - +0 pair of gloves
MR       .....                  (boots unavailable)
Stlth    ++........             (no amulet)
HPRegen  0.09/turn              (no ring)
MPRegen  0.11/turn              (no ring)

@: no status effects
A: beak, talons 3, able to fly 1
a: Fly


You were on level 4 of the Dungeon.
You were not hungry.

You visited 1 branch of the dungeon, and saw 4 of its levels.

You collected 149 gold pieces.

Inventory:

Hand Weapons
 m - a +2 dagger of draining (weapon)
Armour
 b - a +0 leather armour (worn)
 p - a +0 pair of gloves (worn)
Wands
 c - a wand of flame (0/48)
 d - a wand of enslavement (13/24)
 e - a wand of random effects (15/48)
Scrolls
 k - a scroll of teleportation
Potions
 g - a potion of ambrosia {unknown}
 i - 2 potions of resistance {unknown}
 l - a potion of agility {unknown}
 o - a potion of mutation {unknown}
Comestibles
 f - a bread ration
 n - a meat ration


   Skills:
 - Level 1.0 Fighting
 + Level 3.2 Short Blades
 - Level 2.1 Dodging
 + Level 3.0 Stealth
 + Level 4.4 Evocations


You had 4 spell levels left.
You didn't know any spells.

Dungeon Overview and Level Annotations

Branches:
Dungeon (4/15)
 Temple: D:4-7

Altars:
Vehumet
Xom


Innate Abilities, Weirdness & Mutations

You have a beak for a mouth.
You have claws for feet.
You can fly.


Message History

Aiming: Throw Flame
Press: ? - help, Shift-Dir - straight line, f/p - orc priest
Aim: an orc priest, wielding a whip and wearing a leather armour (lightly wounded)
The puff of flame hits the orc priest.
The orc priest is heavily wounded.
This wand has 0 charges left.
The crimson imp completely misses you.
Evoke which item? (* to show all) (? for menu, Esc to quit)
Aiming: Enslavement
Press: ? - help, Shift-Dir - straight line, f/p - orc priest
Aim: an orc priest, wielding a whip and wearing a leather armour (heavily wounded, chance to defeat MR: 59%)
The orc priest resists with significant effort.
This wand has 13 charges left.
The crimson imp closely misses you.
The orc priest looks braver for a moment.
You hit the orc priest but do no damage.
The orc priest is heavily wounded.
The crimson imp hits you.
* * * LOW HITPOINT WARNING * * *
The orc priest calls down the wrath of Beogh upon you.
Pain shoots through your body!
You die...

*## *#.#######
#######...,,o.%#
**##....##.#*###..#
.##...÷<...#,#5#o.#######*
.......<...#^#^#@.......>*
.##........#...#.5######**
.....>.....+._.'..#
......o....#...#..#
...........#^#^#..##
...........#,#§#...#
...........#*###...####
........#....#*###....##
,......................####


You could see 2 orc priests and a crimson imp.

Vanquished Creatures
  A howler monkey (D:4)
  A hound (D:3)
  3 adders (D:2)
  An adder skeleton (D:3)
  2 worms (D:2)
  3 leopard geckos
  7 orcs
  3 giant cockroaches
  8 goblins
  13 hobgoblins
  2 jackals (D:4)
  3 kobolds
  2 quokkas
  7 bats
  6 frilled lizards
  6 rats
68 creatures vanquished.

Vanquished Creatures (collateral kills)
  A worker ant (D:4)
  An orc (D:4)
2 creatures vanquished.

Grand Total: 70 creatures vanquished

Notes
Turn   | Place    | Note
-------+----------+-------------------------------------------
     0 | D:1      | KristoblXynda the Tengu Artificer began the quest for the Orb.
     0 | D:1      | Reached XP level 1. HP: 12/12 MP: 4/4
   394 | D:1      | Reached XP level 2. HP: 11/16 MP: 5/5
  1414 | D:2      | Reached XP level 3. HP: 18/20 MP: 6/6
  1911 | D:2      | Reached XP level 4. HP: 23/25 MP: 7/7
  1934 | D:2      | Found a radiant altar of Vehumet.
  2549 | D:3      | Reached skill level 4 in Evocations
  2987 | D:4      | Gained mutation: You can fly. [Tengu growth]
  2987 | D:4      | Reached XP level 5. HP: 16/29 MP: 9/9
  3254 | D:4      | Noticed an ogre
  3255 | D:4      | Noticed a phantom
  3411 | D:4      | Found a shimmering altar of Xom.
  3426 | D:4      | Killed from afar by an orc priest

Vault maps used:
D:1:      lightli_arrival_windingriver
D:2:      lemuel_round_altar
D:4:      minmay_opposing_rooms, led_xom_imps

Skill      XL: |  1  2  3  4  5 |
---------------+----------------+-----
Short Blades   | 2 3 |  3.2
Stealth        | 2 3 |  3.0
Evocations     | 4 |  4.4
Fighting       | |  1.0
Dodging        | |  2.1

Action                   |  1- 3 |  4- 6 || total
-------------------------+-------+-------++-------
Melee: Short sword       |    92 |    26 ||   118
       Kick              |    17 |    18 ||    35
       Peck              |    12 |    15 ||    27
       Dagger            |       |    84 ||    84
Evoke: Wand              |    12 |     5 ||    17
  Use: Scroll            |       |     5 ||     5
       Potion            |       |     5 ||     5
 Stab: Sleeping          |     1 |     2 ||     3
  Eat: Chunk             |     3 |     1 ||     4
       Bread ration      |       |     1 ||     1
Armor: Leather armour    |    47 |    27 ||    74
Dodge: Dodged            |    93 |    76 ||   169
